 Dungeon Crawl Stone Soup version 0.30-a0-920-g7493c07aab (webtiles) character file.

Game seed: 15610846495508841083

8296 jasper the Eclecticist (level 11, -3/62 HPs)
             Began as a Deep Elf Conjurer on Mar 21, 2023.
             Was a Priest of Vehumet.
             Shot with an arrow by a centaur warrior (14 damage)
             ... on level 10 of the Dungeon.
             The game lasted 00:19:46 (11585 turns).

jasper the Eclecticist (Deep Elf Conjurer)         Turns: 11585, Time: 00:19:46

Health: -3/62      AC:  4    Str:  6    XL:     11   Next: 8%
Magic:  5/41       EV: 15    Int: 28    God:    Vehumet [***...]
Gold:   581        SH:  0    Dex: 13    Spells: 12/40 levels left

rFire   . . .      SeeInvis .    v - staff of conjuration "Cuakuas" {rC+ Str+2}
rCold   + . .      Faith    .    (no shield)
rNeg    . . .      Spirit   .    a - +0 robe
rPois   +          Reflect  .    r - +0 helmet
rElec   .          Rampage  .    (no cloak)
rCorr   .                        l - +0 pair of gloves
Will    +....                    (no boots)
Stlth   ++                       D - amulet of magic regeneration
HPRegen 0.30/turn                m - ring of poison resistance
MPRegen 0.67/turn                s - ring of magical power

@: very slightly contaminated
A: no striking features
a: Renounce Religion


You were on level 10 of the Dungeon.
You worshipped Vehumet.
Vehumet was most pleased with you.
You visited 2 branches of the dungeon, and saw 11 of its levels.
You also visited: Bailey.

You collected 581 gold pieces.

Inventory:

Hand Weapons
 f - a +0 whip
 h - a +1 spear of freezing
Missiles
 y - 2 throwing nets
Armour
 a - a +0 robe (worn)
 l - a +0 pair of gloves (worn)
 r - a +0 helmet (worn)
Magical Staves
 d - a staff of death
 j - a staff of poison
 v - the staff of conjuration "Cuakuas" (weapon) {rC+ Str+2}
   (You acquired it on level 7 of the Dungeon)

   [staff of conjuration]

   Base accuracy: +5 Base damage: 5 Base attack delay: 1.2 This weapon's minimum
   attack delay (0.6) is reached at skill level 12.
   Str:       It affects your strength (+2).
   rC:        It protects you from cold.
   It falls into the 'Staves' category.
   It is a one-handed weapon.
Jewellery
 m - a ring of poison resistance (left hand)
 s - a ring of magical power (right hand)
 t - a ring of protection from cold
 A - an amulet of regeneration
 D - an amulet of magic regeneration (around neck)
Wands
 b - a wand of polymorph (14)
 q - a wand of mindburst (26)
 w - a wand of charming (8)
 x - a wand of iceblast (12)
 F - a wand of digging (6)
 I - a wand of light (4)
Scrolls
 e - 4 scrolls of teleportation
 g - 3 scrolls of blinking
 k - 2 scrolls of enchant weapon
 B - 3 scrolls of identify
 C - 2 scrolls of enchant armour {unknown}
 G - 2 scrolls of fear {unknown}
 J - a scroll of magic mapping
Potions
 c - a potion of heal wounds
 i - 4 potions of curing
 n - 5 potions of mutation
 o - 2 potions of resistance
 p - 2 potions of invisibility
 u - 2 potions of flight
 z - 2 potions of attraction
 E - a potion of lignification {unknown}
 H - a potion of might {unknown}


   Skills:
 + Level 4.5 Fighting
 + Level 3.6 Staves
 + Level 7.2 Dodging
 - Level 2.4 Stealth
 * Level 15.1 Spellcasting
 - Level 5.0 Conjurations
 - Level 3.0 Hexes
 - Level 3.0 Necromancy
 - Level 3.0 Translocations
 - Level 7.0 Earth Magic
 + Level 3.5 Evocations


You had 12 spell levels left.
You knew the following spells:

 Your Spells              Type           Power      Damage    Failure   Level
a - Magic Dart            Conj           100%       1d8       1%          1
b - Searing Ray           Conj           100%       2d8       1%          2
c - Blink                 Tloc           76%        N/A       1%          2
d - Dazzling Flash        Conj/Hex       100%       N/A       1%          3
e - Fulminant Prism       Conj/Hex       30%        3d16      1%          4
f - Iskenderun's Mystic   Conj/Tloc      60%        2d13      1%          4
g - Cigotuvi's Dreadful   Necr/Pois/Air  52%        N/A       2%          2
h - Borgnjor's Vile Clut  Necr/Erth      24%        N/A       9%          5
i - Lee's Rapid Deconstr  Erth           28%        3d15*     1%          5

Your spell library contained the following spells:

 Spells                   Type           Power      Damage    Failure   Level
 Poisonous Vapours        Pois/Air       42%        N/A       1%          2
 Apportation              Tloc           76%        N/A       1%          1
 Necrotise                Necr           100%       1d9       1%          1
 Sandblast                Erth           100%       2d20      1%          1
 Lesser Beckoning         Tloc           76%        N/A       1%          2
 Momentum Strike          Conj/Tloc      100%       3d10      1%          2
 Static Discharge         Conj/Air       100%       2-7/arc   1%          2
 Frozen Ramparts          Ice            42%        1d7       1%          3
 Ignite Poison            Fire/Tmut/Pois 21%        N/A       1%          3
 Summon Small Mammal      Summ           84%        N/A       2%          1
 Sticky Flame             Conj/Fire      52%        2d7       2%          4
 Vhi's Electric Charge    Tloc/Air       58%        N/A       3%          3
 Leda's Liquefaction      Hex/Erth       24%        N/A       3%          4
 Airstrike                Air            10%        2d(2-18)  7%          4
 Arcjolt                  Conj/Air       26%        1d36      7%          5
 Plasma Beam              Fire/Air       10%        2x1d23    17%         5
 Summon Lightning Spire   Summ/Air       21%        N/A       24%         4
 Eringya's Noxious Bog    Tmut/Pois      10%        N/A       63%         6
 Simulacrum               Ice/Necr       14%        N/A       89%         6
 Ignition                 Fire           10%        3d5       100%        8


Dungeon Overview and Level Annotations

Branches:
Dungeon (10/15)            Temple (1/1) D:7          Bailey (visited)
   Lair: D:8-11         Orc: D:9-12

Altars:
Ashenzari
Dithmenos
Elyvilon
Fedhas
Gozag
Makhleb
Nemelex Xobeh
Okawaru
Qazlal
Ru
Sif Muna
Trog
Uskayaw
Vehumet
Wu Jian
Xom
Yredelemnul
Zin

Shops:
D:1 *

Annotations:
D:10 4 runed translucent doors


Message History

Casting: Lee's Rapid Deconstruction (dangerous; 1% risk of failure)
Confirm with . or Enter, or press ? or * to list all spells.
Aiming: Lee's Rapid Deconstruction (dangerous; 1% risk of failure)
Press: ? - help, Dir - move target A metal wall.
The metal wall shatters!
The blast of metal fragments hits the orc warrior but does no damage.
The blast of metal fragments hits the centaur warrior!
The centaur warrior is almost dead.
The centaur warrior hits you! The centaur warrior kicks you.
* * * LOW HITPOINT WARNING * * *
The centaur warrior hits you.
* * * LOW HITPOINT WARNING * * *
The centaur warrior kicks you but does no damage.
You take 16 damage, and have 15/62 hp.
MASSIVE DAMAGE!!
You now have 3/41 mp.
Casting: Lee's Rapid Deconstruction (dangerous; 1% risk of failure)
Confirm with . or Enter, or press ? or * to list all spells.
You don't have enough magic to cast this spell.
Unknown command.
You feel much better. The centaur warrior hits you.
The centaur warrior kicks you but does no damage.
You regained 26 hp, and now have 41/62 hp.
Casting: Lee's Rapid Deconstruction (dangerous; 1% risk of failure)
Confirm with . or Enter, or press ? or * to list all spells.
You don't have enough magic to cast this spell.
The centaur warrior attacks as you move away!
The centaur warrior closely misses you. The centaur warrior kicks you.
The centaur warrior wields a +0 shortbow.
The centaur warrior shoots an arrow.
The arrow hits you!
You take 18 damage, and have 23/62 hp.
MASSIVE DAMAGE!!
Casting: Lee's Rapid Deconstruction (dangerous; 1% risk of failure)
Confirm with . or Enter, or press ? or * to list all spells.
Aiming: Lee's Rapid Deconstruction (dangerous; 1% risk of failure)
Press: ? - help, Dir - move target You cannot affect that.
Okay, then.
The centaur warrior shoots an arrow.
The arrow hits you!
* * * LOW HITPOINT WARNING * * *
The centaur warrior shoots an arrow.
The arrow hits you!
You die...

##########
#o).@))..##
#.c######..#
#)## ##.#
.). #.# ...)
#.# ..
#++##. #.#
..##8CQ8##
#.#
#.#8....8#
##.#
#.#!....)#
#..###


You could see a centaur warrior and an orc warrior.

Vanquished Creatures
  A two-headed ogre (D:6)
  A manticore (D:9)
  An unseen horror (D:10)
  Sigmund (D:4)
  2 wraiths
  7 yaks (D:9)
  A spriggan (shapeshifter) (D:10)
  2 wyverns (D:9)
  Menkaure (D:4)
  3 water moccasins
  6 orc warriors
  4 ice beasts
  2 black bears
  An ogre (D:4)
  A centaur (D:7)
  A phantom (D:5)
  4 kobold brigands
  Blork the orc (D:4)
  5 bullfrogs
  2 scorpions
  20 wights
  12 killer bees
  2 howler monkeys
  4 hounds
  2 gnoll boudas
  4 orc priests
  2 jellies
  6 iguanas
  A sleepcap (D:5)
  5 orc wizards
  Robin (D:4)
  7 adders
  16 gnolls
  A white imp (D:8)
  2 ufetubi
  A worm (D:3)
  4 dart slugs
  51 orcs
  4 endoplasms
  3 giant cockroaches
  24 goblins
  16 hobgoblins
  9 jackals
  3 quokkas
  3 ball pythons
  7 bats
  8 frilled lizards
  32 kobolds
  7 rats
304 creatures vanquished.

Vanquished Creatures (others)
  13 fulminant prisms
  21 plants (D:5)
34 creatures vanquished.

Grand Total: 338 creatures vanquished

Notes
Turn   | Place    | Note
-------+----------+-------------------------------------------
     0 | D:1      | jasper the Deep Elf Conjurer began the quest for the Orb.
     0 | D:1      | Reached XP level 1. HP: 10/10 MP: 6/6
   226 | D:1      | Reached XP level 2. HP: 15/15 MP: 5/8
   233 | D:1      | Learned a level 2 spell: Searing Ray
   236 | D:1      | Learned a level 2 spell: Blink
   720 | D:1      | Found Tummi's General Store.
   765 | D:1      | Reached skill level 4 in Spellcasting
  1001 | D:1      | Reached skill level 5 in Conjurations
  1001 | D:1      | Reached XP level 3. HP: 19/19 MP: 6/10
  1005 | D:1      | Learned a level 3 spell: Dazzling Flash
  1350 | D:2      | Found a basalt altar of Yredelemnul.
  2178 | D:3      | Reached skill level 5 in Spellcasting
  2208 | D:3      | Reached XP level 4. HP: 20/24 MP: 7/13
  2214 | D:3      | Learned a level 4 spell: Fulminant Prism
  2479 | D:3      | Reached skill level 6 in Spellcasting
  2913 | D:3      | Reached XP level 5. HP: 25/28 MP: 9/16
  2918 | D:3      | Learned a level 4 spell: Iskenderun's Mystic Blast
  3363 | D:4      | Reached skill level 1 in Hexes
  3363 | D:4      | Reached skill level 1 in Translocations
  3437 | D:4      | Identified a scroll of acquirement
  3437 | D:4      | Acquired the Verses on the Septic Mesa
  3501 | D:4      | Noticed Robin
  3509 | D:4      | Killed Robin
  3510 | D:4      | Reached XP level 6. HP: 32/32 MP: 1/17
  3514 | D:4      | Learned a level 2 spell: Cigotuvi's Dreadful Rot
  3918 | D:4      | Found a hide-covered altar of Uskayaw.
  4152 | D:4      | Found a broken altar of Ashenzari.
  4182 | D:4      | Noticed Blork the orc
  4287 | D:4      | Noticed Menkaure
  4288 | D:4      | Noticed Sigmund
  4290 | D:5      | Entered Level 5 of the Dungeon
  4303 | D:5      | Noticed an ice beast
  4318 | D:5      | Killed an ice beast
  4319 | D:5      | Reached skill level 7 in Spellcasting
  4327 | D:5      | Reached skill level 8 in Spellcasting
  4428 | D:5      | Noticed an ice beast
  4436 | D:5      | Killed an ice beast
  4437 | D:5      | Reached XP level 7. HP: 35/36 MP: 10/21
  4445 | D:5      | Reached skill level 9 in Spellcasting
  4513 | D:5      | Reached skill level 10 in Spellcasting
  4645 | D:5      | Learned a level 5 spell: Borgnjor's Vile Clutch
  4955 | D:5      | Reached skill level 11 in Spellcasting
  4955 | D:5      | Reached XP level 8. HP: 29/41 MP: 23/25
  4962 | D:5      | Learned a level 5 spell: Lee's Rapid Deconstruction
  5209 | D:5      | Reached skill level 1 in Earth Magic
  5648 | D:6      | Reached skill level 1 in Fighting
  6041 | D:6      | Noticed a two-headed ogre
  6049 | D:6      | Killed a two-headed ogre
  6050 | D:6      | Reached skill level 12 in Spellcasting
  6065 | D:6      | Reached XP level 9. HP: 16/48 MP: 16/27
  6338 | D:6      | Found an opulent altar of Gozag.
  6604 | D:7      | Acquired the staff of conjuration "Cuakuas" {rC+ Str+2}
  6649 | D:7      | Reached skill level 1 in Necromancy
  6770 | D:7      | Found a staircase to the Ecumenical Temple.
  6776 | Temple   | Entered the Ecumenical Temple
  6896 | Temple   | Became a worshipper of Vehumet
  6927 | D:7      | Identified the +2 leather armour "Bufoun" {Harm}
  6976 | D:7      | Reached skill level 13 in Spellcasting
  7115 | D:7      | Reached skill level 5 in Dodging
  7915 | D:8      | Found a glowing silver altar of Zin.
  7922 | D:8      | Identified the +6 swamp dragon scales "Xeonecw" {rPois rC+
                  | Int-2 Dex+3 SInv}
  7950 | D:8      | Found a shimmering blue altar of Sif Muna.
  8130 | D:8      | Reached skill level 5 in Earth Magic
  8310 | D:8      | Reached * piety under Vehumet
  8310 | D:8      | Offered knowledge of Foxfire by Vehumet.
  8484 | D:8      | Reached XP level 10. HP: 56/56 MP: 27/29
  8751 | D:8      | Found a bloodstained altar of Trog.
  9117 | D:4      | Killed Sigmund
  9120 | D:4      | Killed Menkaure
  9380 | D:4      | Found a burning altar of Makhleb.
  9517 | D:4      | Reached skill level 1 in Staves
  9656 | D:4      | Killed Blork the orc
 10027 | D:9      | Found a flagged portal.
 10039 | Bailey   | Entered a bailey
 10066 | Bailey   | Offered knowledge of Kiss of Death by Vehumet.
 10083 | Bailey   | Reached ** piety under Vehumet
 10208 | Bailey   | Noticed an orc warlord
 10261 | Bailey   | Found a runed translucent gate.
 10264 | Bailey   | Found a runed translucent gate.
 10265 | Bailey   | Found a runed translucent gate.
 10322 | Bailey   | Got the Essays on the Icicle
 10391 | D:9      | Reached skill level 14 in Spellcasting
 10391 | D:9      | Reached skill level 1 in Evocations
 10597 | D:9      | Found a white marble altar of Elyvilon.
 10653 | D:9      | Found a blossoming altar of Fedhas.
 10708 | D:9      | Offered knowledge of Poisonous Vapours by Vehumet.
 10835 | D:9      | Noticed a manticore
 10839 | D:9      | Killed a manticore
 11253 | D:10     | Entered Level 10 of the Dungeon
 11303 | D:10     | Found a large runed translucent door.
 11303 | D:10     | Found a large runed translucent door.
 11307 | D:10     | Noticed a cyclops
 11324 | D:10     | Reached skill level 15 in Spellcasting
 11326 | D:10     | Reached *** piety under Vehumet
 11327 | D:10     | Reached XP level 11. HP: 62/62 MP: 31/32
 11563 | D:10     | Found a large runed translucent door.
 11563 | D:10     | Found a large runed translucent door.
 11576 | D:10     | Noticed a centaur warrior
 11585 | D:10     | Shot with an arrow by a centaur warrior

Illustrated notes

Levels and vault maps discovered:
D:1:      dpeg_arrival_rooms_with_view, layout_loops_ring, serial_glass,
          glass_columns_b, glass_columns_b, glass_columns_a, glass_columns_a,
          glass_columns_c, glass_columns_a, serial_shops,
          nicolae_shop_statue_plus, chequers_serial_rivers_small_b
D:2:      layout_loops_ring, basic_altar
D:3:      layout_loops_ring, grunt_decor_one_mirror
D:4:      layout_layer_cave, nicolae_uskayaw_suspiria, bloody_makhleb,
          nicolae_ashenzari_panopticon, uniq_sigmund, uniq_blork_the_orc,
          uniq_robin, uniq_menkaure
D:5:      layout_loops_ring, corexii_corridor_pit, lexackson_kobold_supper
D:6:      layout_loops_ring, mainiacjoe_overflow_alcove_4
D:7:      layout_basic, minmay_temple_entry_waves
D:8:      layout_basic, amcnicky_altar_gilded, overflow_temple_1_default,
          lemuel_crystal_altar
D:9:      layout_loops_ring, nicolae_overflow_crystal_walls,
          lemuel_doored_altar, lightli_bailey_entry_fortress,
          minmay_misc_feat_five
D:10:     layout_rooms, yredelemnul_forgotten_temple_becter, lair_entry_dummy,
          minmay_hollow_rounded_squares
Temple:   nicolae_temple_slightly_damp_pantheon

Skill      XL: |  1  2  3  4  5  6  7  8  9 10 |
---------------+-------------------------------+-----
Spellcasting   | 4 5 6 8 11 12 13 15 | 15.1
Conjurations   | 5 |  5.0
Hexes          | 2 3 |  3.0
Translocations | 2 3 |  3.0
Earth Magic    | 3 6 7 |  7.0
Dodging        | 4 5 7 |  7.2
Fighting       | 2 3 4 |  4.5
Necromancy     | 3 |  3.0
Staves         | 3 |  3.6
Evocations     | 3 |  3.5
Stealth        | |  2.4

Action                     |  1- 3 |  4- 6 |  7- 9 | 10-12 || total
---------------------------+-------+-------+-------+-------++-------
  Melee: Unarmed           |     8 |       |       |       ||     8
         Spear             |       |     8 |    13 |       ||    21
         Staff             |       |       |       |    15 ||    15
   Cast: Magic Dart        |    88 |   101 |    96 |    64 ||   349
         Searing Ray       |     4 |    12 |    47 |     8 ||    71
         Fulminant Prism   |       |     3 |     9 |     1 ||    13
         Iskenderun's Myst |       |     2 |     8 |    11 ||    21
         Cigotuvi's Dreadf |       |     1 |       |       ||     1
         Lee's Rapid Decon |       |       |     3 |    92 ||    95
         Blink             |       |       |       |     2 ||     2
         Borgnjor's Vile C |       |       |       |     1 ||     1
  Evoke: Wand              |       |       |       |     2 ||     2
    Use: Scroll            |     8 |     3 |     7 |       ||    18
         Potion            |       |     1 |     1 |     1 ||     3
 Armour: Robe              |     5 |    15 |    12 |    14 ||    46
  Dodge: Dodged            |    15 |    25 |    56 |    32 ||   128

Table legend: (Time is in decaauts)
 A = Elapsed time spent in this place.
 B = Non-inter-level travel time spent in this place.
 C = Inter-level travel time spent in this place.
 D = Time resting spent in this place.
 E = Time spent auto-exploring this place.
 F = Levels seen in this place.
 G = Mean time per level.
                   A        B        C        D        E       F      G
               +--------+--------+--------+--------+--------+-----+--------+
         Total |  11638 |  11106 |    532 |    470 |   9150 |  12 |  969.8 |
       Dungeon |  11208 |  10729 |    479 |    356 |   8973 |  10 | 1120.8 |
        Temple |    139 |     86 |     53 |      0 |     77 |   1 |  139.0 |
        Bailey |    290 |    290 |      0 |    114 |    100 |   1 |  290.0 |
               +--------+--------+--------+--------+--------+-----+--------+

Top non-repeatable levels by time:
     D:4: 1481 daAuts
     D:3: 1453 daAuts
     D:8: 1349 daAuts
     D:5: 1326 daAuts
     D:1: 1156 daAuts
     D:6: 1074 daAuts
     D:9: 1038 daAuts
     D:7: 1038 daAuts
     D:2: 956 daAuts
    D:10: 331 daAuts
  Bailey: 290 daAuts
  Temple: 139 daAuts
